 Dungeon Crawl Stone Soup version 0.20.1-1-g8b1a95d (webtiles) character file.

15687 sprush the Grappler (level 12, -3/107 HPs)
             Began as a Troll Hunter on Nov 12, 2017.
             Was a Priest of Jiyva.
             Slain by Rupert
             ... wielding a +2 great mace of draining
              (11 damage)
             ... on level 12 of the Dungeon.
             The game lasted 01:29:57 (9270 turns).

sprush the Grappler (Troll Hunter)                  Turns: 9270, Time: 01:30:00

Health: -3/107     AC:  9    Str: 23    XL:     12   Next: 3%
Magic:  0/12       EV: 12    Int: 10    God:    Jiyva [***...]
Gold:   690        SH:  4    Dex: 14    Spells: 11/12 levels left

rFire    + . .     SeeInvis .     - Unarmed
rCold    . . .     Gourm    +   (no shield)
rNeg     . . .     Faith    .   L - +2 robe
rPois    .         Spirit   +   I - +1 hat {Int+3}
rElec    .         Reflect  +   g - scarf {Spirit}
rCorr    +         Harm     .   (gloves unavailable)
MR       .....     Rnd*Rage +   (boots unavailable)
Stlth    +.........             m - +4 amulet of reflection
Regen    0.7/turn               R - ring of protection from fire
MPRegen  0.2/turn               o - +1 ring of protection

@: heavily drained, very slow
A: unfitting armour, claws 3, berserk 1, fast metabolism 3, gourmand,
regeneration 1, shaggy fur 1, tough skin 2, wild magic 1
a: Request Jelly, Renounce Religion


You were on level 12 of the Dungeon.
You worshipped Jiyva.
Jiyva was most pleased with you.
You were very full.

You visited 2 branches of the dungeon, and saw 13 of its levels.
You also visited: Ossuary.

You collected 690 gold pieces.

Inventory:

Hand Weapons
 b - the +0 war axe "Anuudin" {venom, Str+2}
   (You found it on level 10 of the Dungeon)

   It poisons the flesh of those it strikes.
   It affects your strength (+2).
 z - a +0 blowgun
Missiles
 d - a throwing net (quivered)
 r - 6 needles of confusion
 v - 84 poisoned needles
 D - 44 sling bullets
 G - 2 tomahawks
 M - 2 steel tomahawks
 T - 3 tomahawks of returning
Armour
 g - a scarf of spirit shield (worn)
 I - a +1 hat of intelligence (worn)
 L - a +2 robe (worn)
Magical Staves
 X - an uncursed staff of summoning
Jewellery
 h - an uncursed amulet of harm
 k - a +4 ring of intelligence
 m - a +4 amulet of reflection (around neck)
 o - a +1 ring of protection (right claw)
 p - an uncursed amulet of regeneration
 F - an uncursed amulet of magic regeneration
 K - a +3 ring of intelligence
 P - an uncursed amulet of faith
 R - a ring of protection from fire (left claw)
 Y - an uncursed ring of positive energy
Wands
 S - a wand of enslavement (13/24)
Scrolls
 c - 5 scrolls of amnesia
 i - a scroll of immolation
 j - 4 scrolls of identify
 l - 4 scrolls of teleportation {unknown}
 n - 2 scrolls of blinking {unknown}
 q - 3 scrolls of remove curse
 y - 2 scrolls of random uselessness {unknown}
 A - 4 scrolls of enchant weapon
 B - a scroll of fog
 J - a scroll of holy word {unknown}
 U - 3 scrolls of fear
Potions
 a - 6 potions of curing
 e - 3 potions of mutation
 s - a potion of agility
 t - 2 potions of heal wounds
 u - a potion of magic
 C - 3 potions of cancellation
 E - 2 potions of invisibility {unknown}
 H - 2 potions of degeneration {unknown}
 Q - a potion of brilliance
Books
 O - a book of Changes

   Spells                             Type                      Level
   a - Beastly Appendage              Transmutation                1
   b - Sticks to Snakes               Transmutation                2
   c - Spider Form                    Transmutation/Poison         3
   d - Ice Form                       Ice/Transmutation            4
   e - Blade Hands                    Transmutation                5
 V - a book of Enchantments

   Spells                             Type                      Level
   a - Cause Fear                     Hexes                        4
   b - Yara's Violent Unravelling     Hexes/Transmutation          5
   c - Silence                        Hexes/Air                    5
   d - Deflect Missiles               Charms/Air                   6
   e - Discord                        Hexes                        8
Comestibles
 f - 4 bread rations
 w - 21 fruits
 N - 5 meat rations
 W - 6 royal jellies


   Skills:
 + Level 4.2(2.0) Fighting
 + Level 8.6(6.1) Throwing
 + Level 3.4(1.2) Armour
 + Level 7.3(4.9) Dodging
 - Level 1.0(0.0) Stealth
 + Level 13.8(10.9) Unarmed Combat
 + Level 0.6(0.0) Spellcasting
 + Level 0.9(0.0) Transmutations
   Level 0.5(0.0) Invocations


You had 11 spell levels left.
You knew the following spells:

 Your Spells              Type           Power        Failure   Level  Hunger
a - Beastly Appendage     Tmut           #.....       45%         1    ##.....


Dungeon Overview and Level Annotations

Branches:
Dungeon (12/15)            Temple (1/1) D:5            Lair (0/6) D:11
    Orc (0/2) D:10

Altars:
Ashenzari
Cheibriados
Dithmenos
Elyvilon
Fedhas
Gozag
Hepliaklqana
Makhleb
Nemelex Xobeh
Okawaru
Qazlal
Ru
Sif Muna
Trog
Uskayaw
Vehumet
Xom
Yredelemnul
Zin
The Shining One
Beogh
Jiyva

Shops:
D:8 *

Annotations:
D:12 Rupert


Innate Abilities, Weirdness & Mutations

You are too large for most types of armour.
You have claws for hands.
Your metabolism is lightning-fast.
You like to eat raw meat.
Your natural rate of healing is unusually fast.
You are covered in fur. (AC +1)
You have very tough skin. (AC +2)
You tend to lose your temper in combat.
Your spells are a little harder to cast, but a little more powerful.


Message History

Moving in this stuff is going to be slow.
You hear a slurping noise.
The jelly splits in two!
You hear a slurping noise.
You feel a little less hungry. You block Rupert's attack.
Jiyva says: Divide and consume!
You feel much better.
Rupert hits you with a great mace of draining!!
You feel drained.
* * * LOW HITPOINT WARNING * * *
You hear a slurping noise.
Jiyva appreciates your sacrifice. x2
You feel a little less hungry.
You hear a distant slurping noise.
Jiyva will mutate your body as your piety grows.
Jiyva appreciates your sacrifice.
Rupert hits you with a great mace of draining!!
* * * LOW HITPOINT WARNING * * *
You feel drained.
You die...

.≈≈≈≈≈.....(>...........
.≈≈≈≈≈.............[...$
..≈≈≈......(.....^).....
................≈≈≈.....
..............J≈≈J≈≈....
...............J≈≈≈≈...#
........≈≈≈....≈J≈≈≈...#
.......≈≈≈≈≈@...≈≈≈..).#
.......≈≈≈≈@............
)......≈≈≈≈≈............
#....≈≈≈.............
#....................
[###....................
.............###........
.............# #........
.............###........
....................###.


You could see Rupert (berserk) and 4 neutral jellies (fellow slime).

Vanquished Creatures
  Gastronok (D:8)
  A hydra (D:9)
  A two-headed ogre (D:10)
  Pikel (D:7)
  An orc knight (D:10)
  A cyclops (D:11)
  A slime creature (D:10)
  2 dream sheep (D:9)
  3 hippogriffs
  Sigmund (D:2)
  A water elemental (D:12)
  A shadow (D:11)
  2 yaks (D:9)
  Eustachio (D:6)
  A wyvern (D:12)
  A steam dragon (D:12)
  A hungry ghost (D:7)
  Edmund (D:5)
  10 orc warriors
  A sky beast (D:5)
  4 slaves (D:7)
  4 ogres
  A phantom (D:7)
  3 centaurs
  5 big kobolds
  6 bullfrogs
  A wyvern zombie (D:7)
  A water moccasin skeleton (D:7)
  A killer bee (D:7)
  5 scorpions
  3 wights (D:9)
  2 electric eels (D:12)
  3 howler monkeys (D:7)
  A crimson imp (D:6)
  2 quasits (D:10)
  2 bullfrog zombies
  3 hounds
  2 centaur zombies
  6 jellies
  10 orc wizards
  8 orc priests
  A bullfrog skeleton (D:7)
  Terence (D:3)
  5 iguanas
  10 worker ants
  A killer bee zombie (D:7)
  6 big kobold zombies (Ossuary)
  A hound zombie (D:7)
  A hound skeleton (D:9)
  A mummy (Ossuary)
  11 adders
  8 gnolls (D:5)
  2 shadow imps
  2 oozes (D:1)
  2 worm zombies (D:4)
  An adder zombie (D:5)
  3 worms
  4 dart slugs
  3 leopard geckos
  62 orcs
  2 spectral bats (Ossuary)
  4 bats
  4 giant cockroaches
  6 gnoll zombies (Ossuary)
  8 goblins
  8 hobgoblins
  6 jackals
  4 quokkas
  A ball python (D:4)
  6 bat simulacra (Ossuary)
  2 frilled lizards (D:1)
  5 goblin simulacra (Ossuary)
  4 goblin zombies (Ossuary)
  A hobgoblin zombie (Ossuary)
  14 kobolds
  A kobold simulacrum (Ossuary)
  7 kobold zombies (Ossuary)
  A leopard gecko skeleton (D:7)
  6 orc zombies (Ossuary)
  A quokka skeleton (D:9)
  2 quokka zombies
  6 rats
  3 rat simulacra (Ossuary)
  5 spectral goblins (Ossuary)
  3 spectral kobolds (Ossuary)
  2 spectral rats (Ossuary)
343 creatures vanquished.

Vanquished Creatures (others)
  An ogre (D:10)
  4 jellies
  A quasit (D:11)
6 creatures vanquished.

Grand Total: 349 creatures vanquished

Notes
Turn   | Place    | Note
-------+----------+-------------------------------------------
     0 | D:1      | sprush the Troll Hunter began the quest for the Orb.
     0 | D:1      | Reached XP level 1. HP: 19/19 MP: 0/0
   101 | D:1      | Reached XP level 2. HP: 27/27 MP: 1/1
   362 | D:1      | Reached XP level 3. HP: 33/33 MP: 2/2
   782 | D:2      | Reached skill level 1 in Unarmed Combat
   782 | D:2      | Reached XP level 4. HP: 42/42 MP: 3/3
  1092 | D:2      | Noticed Sigmund
  1096 | D:2      | Killed Sigmund
  1096 | D:2      | Reached skill level 5 in Throwing
  1096 | D:2      | Reached skill level 1 in Stealth
  1096 | D:2      | Reached skill level 2 in Unarmed Combat
  1096 | D:2      | Reached XP level 5. HP: 49/49 MP: 4/4
  1487 | D:3      | Reached XP level 6. HP: 56/57 MP: 5/5
  1562 | D:3      | Found an opulent altar of Gozag.
  1622 | D:3      | Reached skill level 3 in Unarmed Combat
  1708 | D:3      | Noticed Terence
  1709 | D:3      | Killed Terence
  2190 | D:4      | Found a burning altar of Makhleb.
  2202 | D:4      | Found a sand-covered staircase.
  2226 | Ossuary  | Entered an ossuary
  2419 | Ossuary  | Reached skill level 4 in Unarmed Combat
  2589 | Ossuary  | Reached XP level 7. HP: 63/63 MP: 6/6
  2838 | D:4      | Reached skill level 5 in Unarmed Combat
  2958 | D:4      | Reached skill level 6 in Unarmed Combat
  3338 | D:4      | Reached XP level 8. HP: 71/72 MP: 7/7
  3453 | D:5      | Entered Level 5 of the Dungeon
  3474 | D:5      | Found a snail-covered altar of Cheibriados.
  3501 | D:5      | Noticed Edmund
  3510 | D:5      | Killed Edmund
  3510 | D:5      | Reached skill level 7 in Unarmed Combat
  3776 | D:5      | Found a staircase to the Ecumenical Temple.
  3798 | Temple   | Entered the Ecumenical Temple
  3893 | Temple   | Became a worshipper of Elyvilon the Healer
  3994 | D:5      | Gained mutation: Your spells are a little harder to cast, but a little more powerful. [mutagenic meat]
  3995 | D:5      | Gained mutation: You tend to lose your temper in combat. [mutagenic meat]
  4237 | D:5      | Learned a level 1 spell: Beastly Appendage
  4378 | D:6      | Reached skill level 8 in Unarmed Combat
  4494 | D:6      | Found a radiant altar of Vehumet.
  4494 | D:6      | Found a stormy altar of Qazlal.
  4558 | D:6      | Reached * piety under Elyvilon
  4775 | D:6      | Noticed Eustachio
  4784 | D:6      | Killed Eustachio
  4797 | D:6      | Reached XP level 9. HP: 67/80 MP: 8/8
  5053 | D:7      | Reached skill level 9 in Unarmed Combat
  5100 | D:7      | Reached ** piety under Elyvilon
  5468 | D:7      | Reached skill level 10 in Unarmed Combat
  5501 | D:7      | Noticed Pikel
  5519 | D:7      | Killed Pikel
  5519 | D:7      | Reached skill level 5 in Dodging
  5552 | D:7      | Found a shadowy altar of Dithmenos.
  5570 | D:7      | Found an opulent altar of Gozag.
  5629 | D:7      | Reached skill level 12 in Unarmed Combat
  5629 | D:7      | Reached XP level 10. HP: 89/91 MP: 9/9
  5647 | D:7      | Noticed a dagger
  5648 | D:7      | Noticed a hand axe
  5648 | D:7      | Found a hide-covered altar of Uskayaw.
  5858 | D:8      | Noticed Gastronok
  5878 | D:8      | Killed Gastronok
  5878 | D:8      | Reached XP level 11. HP: 61/97 MP: 10/10
  5914 | D:8      | Reached *** piety under Elyvilon
  6000 | D:8      | Found a basalt altar of Yredelemnul.
  6127 | D:8      | Found Qylia's General Store.
  6429 | D:8      | Found a deep blue altar of Sif Muna.
  6692 | D:9      | Reached **** piety under Elyvilon
  7086 | D:9      | Noticed a three-headed hydra
  7093 | D:9      | Killed a three-headed hydra
  7093 | D:9      | Reached skill level 13 in Unarmed Combat
  7528 | D:10     | Entered Level 10 of the Dungeon
  7750 | D:10     | Found a roughly hewn altar of Beogh.
  7750 | D:10     | Found a staircase to the Orcish Mines.
  7750 | D:10     | Noticed an orc knight
  7770 | D:10     | Killed an orc knight
  8076 | D:10     | Got a faintly glowing war axe
  8077 | D:10     | Identified the cursed +0 war axe "Anuudin" {venom, Str+2} (You found it on level 10 of the Dungeon)
  8112 | D:10     | Found a viscous altar of Jiyva.
  8182 | D:10     | Fell from the grace of Elyvilon
  8182 | D:10     | Became a worshipper of Jiyva Jaufamel the Shapeless
  8214 | D:10     | Noticed a two-headed ogre
  8222 | D:10     | Killed a two-headed ogre
  8593 | D:10     | Reached * piety under Jiyva
  8714 | D:11     | Found a staircase to the Lair.
  9141 | D:12     | Reached XP level 12. HP: 79/107 MP: 7/12
  9250 | D:12     | Noticed Rupert
  9256 | D:12     | Reached ** piety under Jiyva
  9270 | D:12     | Reached *** piety under Jiyva
  9270 | D:12     | Slain by Rupert

Skill      XL: |  1  2  3  4  5  6  7  8  9 10 11 |
---------------+----------------------------------+-----
Throwing       | 4 5 6 7 8 |  8.6
Unarmed Combat | 1 2 4 6 8 12 13 | 13.8
Dodging        | 2 3 4 6 7 |  7.3
Stealth        | 1 |  1.0
Fighting       | 2 3 4 |  4.2
Armour         | 3 |  3.4
Spellcasting   | |  0.6
Transmutations | |  0.9
Invocations    | |  0.5

Action                   |  1- 3 |  4- 6 |  7- 9 | 10-12 || total
-------------------------+-------+-------+-------+-------++-------
Melee: Unarmed           |    66 |   198 |   340 |   287 ||   891
       Short sword       |     1 |       |       |       ||     1
       Punch             |       |     3 |    14 |    19 ||    36
       Kick              |       |       |       |     2 ||     2
Throw: Large rock        |     6 |    10 |    23 |    34 ||    73
       Tomahawk          |       |       |     4 |    32 ||    36
       Throwing net      |       |       |     2 |     1 ||     3
       Stone             |       |       |       |    28 ||    28
 Cast: Beastly Appendage |       |       |       |     1 ||     1
Invok: Greater Healing   |       |       |       |     3 ||     3
  Use: Scroll            |       |       |     5 |    11 ||    16
       Potion            |       |       |     4 |     5 ||     9
 Stab: Sleeping          |     1 |     6 |     1 |       ||     8
  Eat: Chunk             |    13 |    12 |    35 |    37 ||    97
Armor: Robe              |    14 |    41 |    88 |    47 ||   190
Dodge: Dodged            |    33 |    69 |   187 |   122 ||   411
Block: Other             |       |       |       |     8 ||     8
